 Dungeon Crawl Stone Soup version 0.18-a0-1551-g40744a8 (webtiles) character file.

162 dvd the Cudgeler (level 5, -1/79 HPs)
             Began as a Troll Berserker on Mar 11, 2016.
             Was a Believer of Trog.
             Slain by FrancescoMac's ghost (12 damage)
             ... on level 4 of the Dungeon.
             The game lasted 00:04:34 (1820 turns).

dvd the Cudgeler (Troll Berserker)                  Turns: 1820, Time: 00:04:34

Health: -1/79      AC:  5    Str: 32    XL:     5   Next: 19%
Magic:  4/4        EV: 11    Int:  3    God:    Trog [**....]
Gold:   218        SH:  0    Dex: 13    Spells: 0 memorised, 4 levels left

rFire  . . .     SeeInvis .     a - +0 mace
rCold  . . .     Gourm    +     b - +0 animal skin
rNeg   . . .     Faith    .     (no shield)
rPois  .         Spirit   .     (helmet restricted)
rElec  .         Dismiss  .     (no cloak)
rCorr  .         Reflect  .     (gloves unavailable)
SustAt .         Harm     .     (boots unavailable)
MR     .....                    (no amulet)
Stlth  ..........               r - +2 ring of strength
                                p - +3 ring of dexterity

@: berserking (expiring), lethally poisoned (-1 -> -2), very quick, not
resistant to hostile enchantments, extremely unstealthy
A: unfitting armour, claws 3, fast metabolism 3, gourmand, regeneration 2,
shaggy fur 1, tough skin 2
a: Berserk, Trog's Hand, Burn Spellbooks, Renounce Religion


You were on level 4 of the Dungeon.
You worshipped Trog.
Trog was pleased with you.
You were full.

You visited 1 branch of the dungeon, and saw 4 of its levels.

You collected 218 gold pieces.

Inventory:

Hand Weapons
 a - a +0 mace (weapon)
 s - a +0 flail
Missiles
 i - 88 stones (quivered)
Armour
 b - a +0 animal skin (worn)
Jewellery
 p - a +3 ring of dexterity (left claw)
 r - a +2 ring of strength (right claw)
Scrolls
 e - 2 scrolls of remove curse {unknown}
 g - a scroll of identify {unknown}
 h - a scroll of teleportation {unknown}
 l - a scroll of random uselessness {unknown}
 n - a scroll of magic mapping {unknown}
 o - a scroll of fog {unknown}
Potions
 d - 3 potions of might {unknown}
 m - a potion of resistance {unknown}
 q - a potion of mutation {unknown}
Comestibles
 c - 3 bread rations
 f - a beef jerky
 j - a meat ration
 k - 8 fruits


   Skills:
 + Level 3.3 Fighting
 + Level 3.6 Maces & Flails
 + Level 3.5 Dodging
 + Level 0.2 Stealth


You had 4 spell levels left.
You didn't know any spells.

Dungeon Overview and Level Annotations

Branches:
Dungeon (4/15)
 Temple: D:4-7

Altars:
Elyvilon
Gozag
Trog
Vehumet
Xom

Annotations:
D:4 FrancescoMac's ghost, amateur TrMo


Innate Abilities, Weirdness & Mutations

You are too large for most types of armour.
You have claws for hands.
Your metabolism is lightning-fast.
You like to eat raw meat.
You heal very quickly.
You are covered in fur (AC +1).
You have very tough skin (AC +2).


Message History

You feel quite a bit less full. FrancescoMac's ghost hits you!
You closely miss FrancescoMac's ghost.
FrancescoMac's ghost is moderately damaged.
FrancescoMac's ghost hits you.
You sock FrancescoMac's ghost!
FrancescoMac's ghost is heavily damaged.
You sock FrancescoMac's ghost!
FrancescoMac's ghost is severely damaged.
You feel sick. FrancescoMac's ghost hits you!
You barely miss FrancescoMac's ghost.
FrancescoMac's ghost is severely damaged.
FrancescoMac's ghost hits you.
You sock FrancescoMac's ghost!
FrancescoMac's ghost is almost destroyed.
FrancescoMac's ghost hits you!!
* * * LOW HITPOINT WARNING * * *
You thump FrancescoMac's ghost!
FrancescoMac's ghost is almost destroyed.
FrancescoMac's ghost hits you!
You die...

...... ## ..... .#
....#.###
.......####
#..(..#...#
#.......# #.....#
##..@.### # #
#....W..##.W#
.....#.......#
.##. ##...##.# #
##..##.# .
##....## . #.
#.....#.#. #.#
#.....#...
#..##..........###


You could see FrancescoMac's ghost.

Vanquished Creatures
  A worker ant (D:4)
  Robin (D:3)
  4 gnolls (D:3)
  3 adders
  3 worms
  A dart slug (D:3)
  A giant gecko (D:3)
  4 orcs (D:3)
  3 giant cockroaches (D:1)
  9 goblins
  9 hobgoblins
  3 kobolds
  3 bats
  2 giant newts
  3 rats
50 creatures vanquished.

Notes
Turn   | Place    | Note
--------------------------------------------------------------
     0 | D:1      | dvd the Troll Berserker began the quest for the Orb.
     0 | D:1      | Reached XP level 1. HP: 22/22 MP: 0/0
   248 | D:1      | Reached XP level 2. HP: 29/29 MP: 1/1
   553 | D:2      | Reached XP level 3. HP: 23/36 MP: 2/2
   609 | D:2      | Found a faded altar to an unknown god.
   643 | D:2      | Reached ** piety under Trog
   729 | D:2      | Found a radiant altar of Vehumet.
   972 | D:3      | Noticed Robin
   986 | D:3      | Killed Robin
  1027 | D:3      | Reached XP level 4. HP: 15/45 MP: 3/3
  1346 | D:3      | Found an opulent altar of Gozag.
  1476 | D:3      | Found a bloodstained altar of Trog.
  1665 | D:3      | Found a shimmering altar of Xom.
  1679 | D:3      | Reached XP level 5. HP: 47/53 MP: 4/4
  1686 | D:3      | Found a white marble altar of Elyvilon.
  1803 | D:4      | Noticed FrancescoMac's ghost (amateur TrMo)
  1820 | D:4      | Slain by FrancescoMac's ghost

Vault maps used:
D:1:      dpeg_arrival_connections
D:2:      nicolae_overflow_crystal_walls, ecumenical_altar_2,
          kennysheep_generic_room_11
D:3:      overflow_temple_1_default, overflow_temple_1_default,
          old_standard_altar, nicolae_gozag_cash_rules_everything_around_me,
          uniq_robin
D:4:      first_bread, uniq_pikel, uniq_natasha, uniq_grinder

Skill      XL: |  1  2  3 |
---------------+----------+-----
Maces & Flails | 3 |  3.6
Fighting       | 3 |  3.3
Dodging        | 3 |  3.5
Stealth        | |  0.2

Action                   |  1- 3 |  4- 6 || total
-------------------------+-------+-------++-------
Melee: Mace              |   111 |    85 ||   196
Invok: Berserk           |     1 |     2 ||     3
 Stab: Sleeping          |       |     1 ||     1
  Eat: Chunk             |     7 |    15 ||    22
